 Dungeon Crawl Stone Soup version 0.23.0 (webtiles) character file.

Game seed: 1543092267892927498

23 Blackhawk the Shield-Bearer (level 2, -3/19 HPs)
             Began as a Gargoyle Fighter on Feb 10, 2019.
             Slain by Sigmund
             ... wielding a +0 scythe
              (6 damage)
             ... on level 2 of the Dungeon.
             The game lasted 00:01:29 (717 turns).

Blackhawk the Shield-Bearer (Gargoyle Fighter)       Turns: 717, Time: 00:01:29

Health: -3/19      AC:  9    Str: 24    XL:     2   Next: 95%
Magic:  2/2        EV:  7    Int:  8    God:
Gold:   11         SH:  9    Dex:  9    Spells: 1/1 levels left

rFire    . . .     SeeInvis .   a - +0 war axe
rCold    . . .     Gourm    .   c - +0 shield
rNeg     + . .     Faith    .   b - +0 scale mail
rPois    ∞         Spirit   .   (no helmet)
rElec    +         Reflect  .   (no cloak)
rCorr    .         Harm     .   (no gloves)
MR       .....                  (no boots)
Stlth    ..........             (no amulet)
HPRegen  0.06/turn              (no ring)
MPRegen  0.08/turn              (no ring)

@: mighty
A: negative energy resistance 1, electricity resistance, unbreathing,
petrification resistance, rot immunity, AC +2
a: no special abilities


You were on level 2 of the Dungeon.
You were not hungry.

You visited 1 branch of the dungeon, and saw 2 of its levels.

You collected 11 gold pieces.

Inventory:

Hand Weapons
 a - a +0 war axe (weapon)
Armour
 b - a +0 scale mail (worn)
 c - a +0 shield (worn)
 h - a +0 pair of gloves (quivered)
Scrolls
 e - a scroll of enchant weapon {unknown}
 g - a scroll of amnesia {unknown}
 i - a scroll of noise {unknown}
Potions
 j - 2 potions of curing {unknown}
 k - a potion of lignification {unknown}
Comestibles
 f - 2 rations
 l - 6 chunks of flesh


   Skills:
 + Level 3.6 Fighting
 + Level 2.1 Axes
 + Level 3.6 Armour
 + Level 3.6 Shields


You had one spell level left.
You didn't know any spells.
Your spell library was empty.

Dungeon Overview and Level Annotations

Branches:
Dungeon (1/15)

Altars:
Gozag

Shops:
D:2 *

Annotations:
D:2 Sigmund


Innate Abilities, Weirdness & Mutations

You are resistant to torment.
Your stone body is resilient. (AC +2)
You are immune to poison.
You resist negative energy. (rN+)
You are resistant to electric shocks. (rElec)
You can survive without breathing.
You are immune to petrification.
You are immune to rotting.


Message History

a +0 club; a goblin skeleton; an adder skeleton; a bat skeleton You hit the bat but do no damage.
You block the bat's attack.
You feel very mighty all of a sudden. You block the bat's attack.
The bat hits you but does no damage.
Sigmund mumbles some strange words.
Sigmund flickers and vanishes!
Deactivating autopickup; reactivate with Ctrl-A.
You slice the bat!!
You kill the bat!
Something hits you.
You see here a bat corpse.
You miss something. Something hits you but does no damage.
Your shield prevents you from hitting something.
Something hits you.
You miss something. Something hits you but does no damage.
You closely miss something. Something hits you but does no damage.
You slash something! Something hits you!
* * * LOW HITPOINT WARNING * * *
You miss something. Something hits you.
You die...

..# # .##. ..# ..# ...
..#...@. ..# .####....
#.## ..# ..>..[# ...###..#
## ###..###### ......##...
..........## #.........
#########..#######........
##.....)@.>.#.....
########.........
#####..... ..... .... ...
.).


There were no monsters in sight!

Vanquished Creatures
  An adder (D:2)
  A goblin (D:2)
  A hobgoblin (D:2)
  6 bats
  2 frilled lizards (D:1)
  4 kobolds (D:1)
  3 rats (D:1)
18 creatures vanquished.

Notes
Turn   | Place    | Note
-------+----------+-------------------------------------------
     0 | D:1      | Blackhawk the Gargoyle Fighter began the quest for the Orb.
     0 | D:1      | Reached XP level 1. HP: 14/14 MP: 1/1
   416 | D:1      | Reached XP level 2. HP: 18/19 MP: 2/2
   570 | D:1      | You fall through a shaft!
   570 | D:2      | Found Gozag's Platinum Reserve.
   570 | D:2      | Found an opulent altar of Gozag.
   701 | D:2      | Noticed Sigmund
   717 | D:2      | Slain by Sigmund

Skill      XL: |  1  2 |
---------------+-------+-----
Axes           | 2 |  2.1
Fighting       | |  3.6
Armour         | |  3.6
Shields        | |  3.6

Action                   || total
-------------------------++-------
Melee: War axe           ||    84
  Use: Potion            ||     1
Armor: Scale mail        ||    62
Dodge: Dodged            ||    27
Block: Shield            ||    47
